 Dungeon Crawl Stone Soup version 0.29.1-13-g9f3cf754e1 (webtiles) character file.

Game seed: 7949849071925725839

67 Chiseanne the Trooper (level 4, 38/38 HPs)
             Began as a Demonspawn Wanderer on Jan 29, 2023.
             Quit the game on level 2 of the Dungeon.
             The game lasted 00:02:26 (2315 turns).

Chiseanne the Trooper (Demonspawn Wanderer)         Turns: 2315, Time: 00:02:26

Health: 38/38      AC:  6    Str: 16    XL:     4   Next: 0%
Magic:  4/4        EV: 11    Int: 12    God:
Gold:   64         SH:  4    Dex: 12    Spells: 3/3 levels left

rFire   . . .      SeeInvis .   a - +3 dagger
rCold   . . .      Faith    .   (no shield)
rNeg    . . .      Spirit   .   i - +0 ring mail
rPois   .          Reflect  .   (helmet restricted)
rElec   .          Harm     .   (no cloak)
rCorr   .          Rampage  .   (no gloves)
Will    .....                   o - +0 pair of boots
Stlth   +.........              (no amulet)
HPRegen 0.12/turn               (no ring)
MPRegen 0.09/turn               (no ring)

@: no status effects
A: antennae 1, condensation shield
a: no special abilities


You were on level 2 of the Dungeon.
You visited 1 branch of the dungeon, and saw 2 of its levels.

You collected 64 gold pieces.

Inventory:

Hand Weapons
 a - a +3 dagger (weapon)
 c - a +0 mace
Missiles
 b - a curare-tipped dart (quivered)
 h - 38 stones
Armour
 i - a +0 ring mail (worn)
 o - a +0 pair of boots (worn)
Magical Staves
 n - a staff of fire
Scrolls
 e - a scroll of fog {unknown}
 g - a scroll of enchant weapon {unknown}
 k - a scroll of amnesia {unknown}
 l - a scroll of teleportation {unknown}
Potions
 d - 2 potions of heal wounds
 f - 2 potions of degeneration {unknown}
 j - a potion of curing {unknown}
 m - a potion of flight {unknown}


   Skills:
 * Level 4.7 Fighting
 - Level 1.0 Maces & Flails
 - Level 4.5 Throwing
 * Level 0.8 Armour
 * Level 2.0 Dodging


You had 3 spell levels left.
You didn't know any spells.
Your spell library contained the following spells:

 Spells                   Type           Power      Damage    Failure   Level
 Shock                    Conj/Air       0%         1d3       54%         1
 Portal Projectile        Hex/Tloc       0%         N/A       88%         3
 Swiftness                Air            0%         N/A       88%         3
 Tukima's Dance           Hex            0%         N/A       88%         3
 Airstrike                Air            0%         2d(0-16)  99%         4
 Alistair's Intoxication  Tmut/Pois      0%         N/A       100%        5
 Blade Hands              Tmut           0%         N/A       100%        5
 Borgnjor's Vile Clutch   Necr/Erth      0%         N/A       100%        5
 Eringya's Noxious Bog    Tmut/Pois      0%         N/A       100%        6


Dungeon Overview and Level Annotations

Branches:
Dungeon (2/15)

Altars:


Innate Abilities, Weirdness & Mutations

You have a pair of small antennae on your head.
A meltable shield of frost defends you. (SH +4)


Message History

An endoplasm is nearby!
You hit the endoplasm.
The endoplasm is heavily wounded.
The endoplasm freezes you.
You are frozen.
You hit the endoplasm.
You kill the endoplasm!
No target in view!
No target in view!
No target in view!
No target in view!
No target in view!
No target in view!
No target in view!
No target in view!
No target in view!
No target in view!
No target in view!
No target in view!
No target in view!
No target in view!
No target in view!
You now have 60 gold pieces (gained 3).
You now have 64 gold pieces (gained 4).
Found a pair of boots.
You see here a +0 pair of boots.
o - a +0 pair of boots You start putting on your armour.
You continue putting on your +0 pair of boots. x4
You finish putting on your +0 pair of boots.
You pick up a book of Air and begin reading...
You add the spells Shock, Swiftness and Airstrike to your library.
A ball python comes into view.
The ball python barely misses you. The ball python closely misses you.
You hit the ball python.
You kill the ball python!
You have reached level 4!
You feel clever.
Your demonic ancestry asserts itself...
A pair of antennae grows on your head!
Are you sure you want to abandon this character and quit the game? (Confirm with "yes".)

.###.............................
.....)#...........###..).##.#.#.#
......#...........#......<# #.#.#
......#...........#.#....## #.#.#
.######...........#.###### #.#.#
.# #........[..#.#######.#.#.#
.######...........#.......#.#.#.#
.........#..................#.#.#
.#######.#.....#@.#######.###.#.#
.#.............#.................
.#.#####.#....##..#######.#...#.#
.#.# #.#....##...... #.#......
.#.#####.#.........# #.#.###.#
.#.......#.........##. #.#......
.###...#######......... ..#.##...
.###........##......... #.#.##...
...#รท..#.......#.##....
#.#.##...


There were no monsters in sight!

Vanquished Creatures
  An adder (D:2)
  3 worms (D:2)
  A dart slug (D:2)
  2 endoplasms
  3 giant cockroaches
  6 goblins
  2 hobgoblins (D:1)
  5 jackals
  A quokka (D:2)
  10 ball pythons
  4 bats
  A frilled lizard (D:1)
  3 kobolds
  4 rats
46 creatures vanquished.

Notes
Turn   | Place    | Note
-------+----------+-------------------------------------------
     0 | D:1      | Chiseanne the Demonspawn Wanderer began the quest for the
                  | Orb.
     0 | D:1      | Chiseanne set off with the following items: a +3 dagger, a
                  | curare-tipped dart, a +0 mace, a potion of heal wounds, a
                  | +0 leather armour.
     0 | D:1      | Reached XP level 1. HP: 19/19 MP: 1/1
   336 | D:1      | Found a faded altar of an unknown god.
   610 | D:1      | Reached skill level 1 in Dodging
   610 | D:1      | Gained mutation: A meltable shield of frost defends you.
                  | (SH +4) [demonic ancestry]
   610 | D:1      | Reached XP level 2. HP: 25/25 MP: 2/2
  1392 | D:2      | Reached XP level 3. HP: 29/31 MP: 3/3
  2315 | D:2      | Gained mutation: You have a pair of small antennae on your
                  | head. [demonic ancestry]
  2315 | D:2      | Reached XP level 4. HP: 38/38 MP: 4/4
  2315 | D:2      | Quit the game

Illustrated notes

Levels and vault maps discovered:
D:1:      dpeg_cavernosity, layout_basic, basic_ecumenical_altar
D:2:      layout_basic

Skill      XL: |  1  2  3 |
---------------+----------+-----
Dodging        | 1 2 |  2.0
Fighting       | |  4.7
Maces & Flails | |  1.0
Throwing       | |  4.5
Armour         | |  0.8

Action                   |  1- 3 |  4- 6 || total
-------------------------+-------+-------++-------
Melee: Dagger            |   164 |       ||   164
       Punch             |     2 |       ||     2
  Use: Scroll            |     3 |       ||     3
Armor: Leather armour    |    23 |       ||    23
       Ring mail         |    36 |       ||    36
Dodge: Dodged            |    89 |       ||    89
Block: Other             |    24 |       ||    24
